 Dungeon Crawl Stone Soup version 0.19-a0-1057-g15bb84d (webtiles) character file.

1840 AlphabetPasta the Sneak (level 8, -5/85 HPs)
             Began as a Pale Draconian Enchanter on July 28, 2016.
             Was an Initiate of Ru.
             Slain by Menkaure (18 damage)
             ... on level 7 of the Dungeon on Aug 2, 2016.
             The game lasted 00:38:10 (7653 turns).

AlphabetPasta the Sneak (Pale Draconian Enchanter)  Turns: 7653, Time: 00:38:11

Health: -5/85      AC:  8    Str: 16    XL:     8   Next: 87%
Magic:  3/14       EV: 13    Int: 16    God:    Ru [......]
Gold:   244        SH:  0    Dex: 16    Spells: 4 memorised, 6 levels left

rFire  . . .     SeeInvis .     b - +2 falchion (elec)
rCold  . . .     Gourm    .     (armour unavailable)
rNeg   . . .     Faith    .     (no shield)
rPois  .         Spirit   .     (helmet restricted)
rElec  .         Dismiss  .     l - +0 cloak
rCorr  .         Reflect  .     w - +0 pair of gloves {Dex+3}
SustAt .         Harm     .     (no boots)
MR     .....                    (no amulet)
Stlth  ..........               (no ring)
                                x - ring of wizardry

@: berserking, very quick, not resistant to hostile enchantments, extremely
unstealthy
A: breathe steam, unfitting armour, cold-blooded, AC +6
a: Breathe Steam, Renounce Religion


You were on level 7 of the Dungeon.
You worshipped Ru.
Ru was noncommittal.
You were not hungry.

You visited 2 branches of the dungeon, and saw 8 of its levels.

You collected 244 gold pieces.

Inventory:

Hand Weapons
 a - a +2 dagger
 b - a +2 falchion of electrocution (weapon)
Armour
 l - a +0 cloak (worn)
 w - a +0 pair of gloves of dexterity (worn)
Jewellery
 x - a ring of wizardry (left hand)
Wands
 f - a wand of iceblast (1/15)
 g - a wand of disintegration (20/24)
Scrolls
 h - 3 scrolls of teleportation
 j - a scroll of remove curse
 r - 3 scrolls of blinking
Potions
 d - a potion of brilliance
 e - a potion of haste
 k - a potion of cure mutation
 q - a potion of curing {unknown}
 s - a potion of flight {unknown}
 t - a potion of might {unknown}
 v - a potion of agility
 z - 2 potions of cancellation {unknown}
Books
 p - a book of Maledictions

   Spells                             Type                      Level
   a - Corona                         Hexes                        1
   b - Ensorcelled Hibernation        Hexes/Ice                    2
   c - Confuse                        Hexes                        3
   d - Tukima's Dance                 Hexes                        3
   e - Dazzling Spray                 Conjuration/Hexes            3
Comestibles
 c - 9 bread rations
 m - 6 meat rations
 n - 6 chunks of flesh
 o - 8 fruits
 u - a slice of pizza


   Skills:
 * Level 6.2 Short Blades
 + Level 2.4 Dodging
 * Level 6.5 Stealth
 + Level 4.3 Spellcasting
 * Level 6.1 Hexes


You had 6 spell levels left.
You knew the following spells:

 Your Spells              Type           Power        Failure   Level  Hunger
a - Corona                Hex            ###....      1%          1    None
b - Ensorcelled Hibernat  Hex/Ice        ##....       4%          2    ##.....
c - Confuse               Hex            ###.....     1%          3    ###....
d - Dazzling Spray        Conj/Hex       ##....       6%          3    ###....


Dungeon Overview and Level Annotations

Branches:
Dungeon (7/15)             Temple (1/1) D:7

Altars:
Ashenzari
Dithmenos
Elyvilon
Fedhas
Gozag
Hepliaklqana
Kikubaaqudgha
Makhleb
Okawaru
Pakellas
Qazlal
Ru
Sif Muna
Trog
Uskayaw
Vehumet
Xom
Yredelemnul
Zin
The Shining One

Shops:
D:6 *=:

Annotations:
D:2 exclusion: oklob plant
D:7 Menkaure


Innate Abilities, Weirdness & Mutations

You can breathe blasts of scalding, opaque steam.
Your pale cyan-grey scales are hard. (AC +6)
Your body does not fit into most forms of armour.
You are cold-blooded and may be slowed by cold attacks.


Message History

Menkaure hits you!
Wield which item (- for none, * to show all)? (? for menu, Esc to quit)
You hear the crackle of electricity.
b - a +2 falchion of electrocution (weapon)
Menkaure casts a spell.
Menkaure seems to speed up.
You hit Menkaure.
Menkaure is lightly damaged.
Menkaure hits you!!
* * * LOW HITPOINT WARNING * * *
Evoke which item? (* to show all) (? for menu, Esc to quit)
Okay, then.
A red film seems to cover your vision as you go berserk!
You feel yourself moving faster!
You feel mighty!
Menkaure's bandages flutter.
Menkaure barely misses you.
You slash Menkaure! You tail-slap Menkaure!
Menkaure is almost destroyed.
Menkaure hits you!!
You die... ######## ##### .......## #....## ........# r....%# ........# rrr....

...†...#
####Mrr...#
....†##.######.#@#
...##.#.##.#..#†##
.####.##..#.###.#
...###.#...## #.#
##.# ##....# ##.
#.###.#.#.# #
##.##.#.##.# ####
#.#.##.##..# #...
##.####.#### #.##


You could see Menkaure, 2 river rats and 4 rats.

Vanquished Creatures
  A hungry ghost (D:5)
  2 ice beasts (D:6)
  2 ogres
  A necrophage (D:7)
  A centaur (D:7)
  Blork the orc (D:5)
  A giant frog (D:6)
  A scorpion (D:6)
  5 wights (D:6)
  A howler monkey (D:5)
  A crimson imp (D:5)
  A hound (D:6)
  Crazy Yiuf (D:5)
  6 worker ants
  6 orc wizards
  A killer bee zombie (D:7)
  A hound skeleton (D:6)
  7 adders
  7 gnolls
  4 river rats (D:7)
  A shadow imp (D:7)
  An ooze (D:1)
  An adder zombie (D:5)
  2 adder skeletons
  2 worms
  5 dart slugs
  6 giant geckos
  14 orcs
  15 bats
  4 giant cockroaches
  5 hobgoblins
  13 jackals
  2 kobolds
  6 quokkas
  A ball python (D:4)
  A giant cockroach zombie (D:5)
  2 giant gecko skeletons
  2 giant newts
  13 goblins
  A quokka zombie (D:6)
  25 rats
173 creatures vanquished.

Vanquished Creatures (others)
  13 toadstools (D:2)
13 creatures vanquished.

Grand Total: 186 creatures vanquished

Notes
Turn   | Place    | Note
-------+----------+-------------------------------------------
     0 | D:1      | AlphabetPasta the Draconian Enchanter began the quest for the Orb.
     0 | D:1      | Reached XP level 1. HP: 14/14 MP: 3/3
    51 | D:1      | Reached XP level 2. HP: 20/20 MP: 3/5
    55 | D:1      | Learned a level 2 spell: Ensorcelled Hibernation
   536 | D:1      | Reached XP level 3. HP: 24/26 MP: 6/6
   595 | D:1      | Learned a level 3 spell: Confuse
  1115 | D:2      | Found a glowing golden altar of the Shining One.
  1322 | D:2      | Reached XP level 4. HP: 30/33 MP: 7/7
  1511 | D:2      | Found a blossoming altar of Fedhas.
  1530 | D:2      | Noticed an oklob plant
  1873 | D:3      | Found a stormy altar of Qazlal.
  1909 | D:3      | Found a radiant altar of Vehumet.
  2126 | D:3      | Found a bloodstained altar of Trog.
  3183 | D:4      | Reached XP level 5. HP: 36/38 MP: 7/9
  3188 | D:4      | Learned a level 3 spell: Dazzling Spray
  3406 | D:4      | Found a hazy altar of Hepliaklqana.
  3496 | D:4      | Noticed an ogre
  3503 | D:4      | Killed an ogre
  3531 | D:4      | Reached XP level 6. HP: 45/45 MP: 5/10
  4243 | D:5      | Entered Level 5 of the Dungeon
  4314 | D:5      | Noticed Blork the orc
  4318 | D:5      | Killed Blork the orc
  4322 | D:5      | Noticed a hungry ghost
  4334 | D:5      | Killed a hungry ghost
  4334 | D:5      | Your scales start taking on a pale cyan-grey colour.
  4334 | D:5      | Reached XP level 7. HP: 44/50 MP: 8/11
  4399 | D:5      | Found a hide-covered altar of Uskayaw.
  4399 | D:5      | Noticed a hand axe
  4400 | D:5      | Noticed a hand axe
  4549 | D:5      | Found a runed door.
  4575 | D:5      | Noticed Crazy Yiuf
  4582 | D:5      | Killed Crazy Yiuf
  4680 | D:5      | Reached skill level 5 in Stealth
  4838 | D:5      | Reached skill level 5 in Hexes
  5253 | D:6      | Found a shadowy altar of Dithmenos.
  5319 | D:6      | Found Puguseu's Book Emporium.
  5508 | D:6      | Reached skill level 5 in Short Blades
  5508 | D:6      | Reached XP level 8. HP: 57/57 MP: 7/13
  6666 | D:6      | Found Aplooqol's Jewellery Boutique.
  6682 | D:6      | Found Exiupnel's General Store.
  6741 | D:6      | Upgraded the game from 0.19-a0-1025-g778f431 to 0.19-a0-1057-g15bb84d
  6869 | D:7      | Found a staircase to the Ecumenical Temple.
  6874 | Temple   | Entered the Ecumenical Temple
  7048 | Temple   | Became a worshipper of Ru the Awakened
  7215 | D:7      | Found an ancient bone altar of Kikubaaqudgha.
  7638 | D:7      | Noticed Menkaure
  7653 | D:7      | Slain by Menkaure

Vault maps used:
D:1:      saegor_arrival_simple_b, serial_curves, eino_curves_01, eino_curves_04
D:2:      tso_metal_star, first_bread, tgw_fedhas
D:3:      grunt_qazlal_clouds, vehumet_crystals, lemuel_coloured_pillars_altar
D:4:      overflow_temple_1_default
D:5:      dancing_weapons_uskayaw, uniq_crazy_yiuf_cottage, uniq_blork_the_orc
D:6:      grunt_dithmenos_smoke_and_mirrors, serial_shops,
          nicolae_shop_competitors_out_of_business, nicolae_shop_crystal,
          kennysheep_mini_moat
D:7:      lemuel_ratsnest, kiku_gazebo_garden_becter, uniq_menkaure
Temple:   chequers_temple_sunken

Skill      XL: |  1  2  3  4  5  6  7  8 |
---------------+-------------------------+-----
Stealth        | 3 4 5 6 |  6.5
Hexes          | 3 4 5 6 |  6.1
Short Blades   | 2 3 5 6 |  6.2
Spellcasting   | 3 4 |  4.3
Dodging        | 2 |  2.4

Action                   |  1- 3 |  4- 6 |  7- 9 || total
-------------------------+-------+-------+-------++-------
Melee: Dagger            |   135 |    98 |   160 ||   393
       Tailslap          |    11 |     2 |    22 ||    35
       Falchion          |       |       |    46 ||    46
 Cast: Corona            |     1 |     1 |       ||     2
       Ensorcelled Hiber |    11 |    23 |    51 ||    85
       Confuse           |       |     1 |    20 ||    21
Evoke: Wand              |       |     3 |       ||     3
  Use: Scroll            |       |    10 |     5 ||    15
       Potion            |       |       |     2 ||     2
 Stab: Sleeping          |    15 |    25 |    45 ||    85
       Confused          |       |     2 |     9 ||    11
       Distracted        |       |       |     3 ||     3
  Eat: Chunk             |     2 |    10 |     7 ||    19
       Beef jerky        |       |     1 |     2 ||     3
       Royal jelly       |       |       |     2 ||     2
       Fruit             |       |       |     1 ||     1
Armor: Skin              |    31 |    24 |    42 ||    97
Dodge: Dodged            |    83 |    39 |    86 ||   208
